 Dungeon Crawl Stone Soup version 0.28.0 (webtiles) character file.

Game seed: 4433862776767950146

334 growler the Gusty (level 6, 0/32 HPs)
             Began as a Tengu Air Elementalist on Feb 13, 2022.
             Killed by their own static electricity (3 damage)
             ... on level 4 of the Dungeon on Feb 14, 2022.
             The game lasted 00:08:47 (4167 turns).

growler the Gusty (Tengu Air Elementalist)          Turns: 4167, Time: 00:08:47

Health: 0/32       AC:  6    Str:  9    XL:     6   Next: 53%
Magic:  0/12       EV: 14    Int: 17    God:
Gold:   162        SH:  0    Dex: 14    Spells: 2/12 levels left

rFire   . . .      SeeInvis +   (no weapon)
rCold   . . .      Faith    .   (no shield)
rNeg    . . .      Spirit   .   a - +0 robe
rPois   .          Reflect  .   (helmet restricted)
rElec   .          Harm     .   (no cloak)
rCorr   .          Rampage  .   (no gloves)
Will    .....                   (boots unavailable)
Stlth   ++........              (no amulet)
HPRegen 0.10/turn               b - +4 ring of protection
MPRegen 0.13/turn               z - ring of see invisible

@: flying quickly and evasively, quick
A: beak, talons 3, nimble flight
a: no special abilities


You were on level 4 of the Dungeon.
You visited 1 branch of the dungeon, and saw 4 of its levels.

You collected 162 gold pieces.

Inventory:

Armour
 a - a +0 robe (worn)
 d - a +0 pair of gloves
   (You found it on level 1 of the Dungeon)
Jewellery
 b - a +4 ring of protection (left hand)
   (You found it on level 1 of the Dungeon)
 l - a ring of poison resistance
   (You found it on level 3 of the Dungeon)
 o - a ring of protection from cold
   (You found it on level 2 of the Dungeon)
 z - a ring of see invisible (right hand)
   (You found it on level 2 of the Dungeon)
Scrolls
 f - a scroll of fog {unknown}
 i - a scroll of fear {unknown}
 j - a scroll of noise {!r}
 k - a scroll of magic mapping {unknown}
 m - a scroll of blinking {unknown}
 n - a scroll of vulnerability {unknown}
 p - 2 scrolls of teleportation {unknown}
Potions
 c - 2 potions of heal wounds {@q2}
 e - a potion of brilliance
 g - a potion of might
 h - 5 potions of curing {unknown}
 q - a potion of mutation {unknown}


   Skills:
 - Level 2.1 Dodging
 - Level 2.0 Stealth
 + Level 3.8 Spellcasting
 + Level 4.9 Conjurations
 + Level 6.3 Air Magic


You had 2 spell levels left.
You knew the following spells:

 Your Spells              Type           Power      Damage    Failure   Level
a - Shock                 Conj/Air       88%        1d8       1%          1
b - Airstrike             Air            12%        N/A       12%         4
d - Static Discharge      Conj/Air       22%        N/A       2%          2
s - Swiftness             Air            24%        N/A       3%          3

Your spell library contained the following spells:

 Spells                   Type           Power      Damage    Failure   Level
 Leda's Liquefaction      Hex/Erth       1%         N/A       85%         4
 Lee's Rapid Deconstruct  Erth           1%         3d5*      99%         5
 Statue Form              Tmut/Erth      2%         N/A       100%        6


Dungeon Overview and Level Annotations

Branches:
Dungeon (4/15)
 Temple: D:4-7

Altars:
Sif Muna


Innate Abilities, Weirdness & Mutations

You have a beak for a mouth.
You have claws for feet.
Your magical nature lets you fly swiftly and evasively.


Message History

You are no longer poisoned.
q - a puce potion A kobold comes into view.
It is wielding a +0 dagger.
A kobold is nearby!
Aim: a kobold, wielding a +0 dagger (asleep, 100% to hit)
The zap hits the kobold.
The kobold shouts!
Aim: a kobold, wielding a +0 dagger (heavily wounded, 67% to hit)
The zap hits the kobold.
You kill the kobold!
You now have 134 gold pieces (gained 11).
Things that are here:
a +0 dagger; a kobold corpse
Found 18 gold pieces.
You now have 152 gold pieces (gained 18).
Found 10 gold pieces.
Found a shimmering blue altar of Sif Muna.
You now have 162 gold pieces (gained 10).
Found a stone staircase leading up.
There is a stone staircase leading up here.
A wyvern zombie comes into view.
A wyvern zombie is nearby!
A wyvern zombie is nearby!
The wyvern zombie bites you.
The wyvern zombie is struck by an arc of lightning!
You are struck by an arc of lightning.
The wyvern zombie is struck by an arc of lightning.
The lightning grounds out.
The wyvern zombie completely misses you.
The wyvern zombie closely misses you.
The wyvern zombie is struck by an arc of lightning.
You are struck by an arc of lightning.
The lightning grounds out.
The wyvern zombie bites you!
* * * LOW HITPOINT WARNING * * *
The wyvern zombie is struck by an arc of lightning.
You are struck by an arc of lightning.
* * * LOW HITPOINT WARNING * * *
The lightning grounds out.
The wyvern zombie barely misses you.
The wyvern zombie is struck by an arc of lightning!
You are struck by an arc of lightning.
* * * LOW HITPOINT WARNING * * *
The lightning grounds out.
The wyvern zombie bites you but does no damage.
The wyvern zombie barely misses you.
The wyvern zombie is struck by an arc of lightning.
The lightning grounds out.
The wyvern zombie bites you.
* * * LOW HITPOINT WARNING * * *
The wyvern zombie is struck by an arc of lightning.
You are struck by an arc of lightning.
You die...

###.........### #........###
#.............#######............
#..........[.....#...............
..#..................##..........
####...........[.... #..........#
# ##..............###...........
##..............##...........
##........Z................# #
##........@..............## ##
##..........#..........## .###
##........###........♣♣♣♣ ...##
........)# #..#####♣..§≈ ....##
......#...# ##..## ♣.≈..
.....##.....###...# ##..# ♣.≈.≈
...........# #..## ##.## ♣.§≈.
.........## #..# #..##♣.≈≈.
#.......# ##..#♣.§≈.


You could see a wyvern zombie.

Vanquished Creatures
  A phantom (D:4)
  A jelly (D:4)
  A bullfrog zombie (D:4)
  2 orc priests (D:3)
  An orc wizard (D:3)
  3 adders
  A worm (D:2)
  A dart slug (D:1)
  7 orcs (D:3)
  4 bats
  6 endoplasms
  2 giant cockroaches
  A goblin (D:1)
  5 hobgoblins
  6 jackals (D:1)
  5 kobolds
  5 quokkas
  7 ball pythons
  7 frilled lizards
  A rat (D:3)
67 creatures vanquished.

Vanquished Creatures (others)
  4 plants (D:3)
4 creatures vanquished.

Grand Total: 71 creatures vanquished

Notes
Turn   | Place    | Note
-------+----------+-------------------------------------------
     0 | D:1      | growler the Tengu Air Elementalist began the quest for the
                  | Orb.
     0 | D:1      | Reached XP level 1. HP: 10/10 MP: 4/4
   166 | D:1      | Reached XP level 2. HP: 15/15 MP: 0/6
   169 | D:1      | Learned a level 2 spell: Static Discharge
   601 | D:1      | Reached XP level 3. HP: 17/19 MP: 3/7
  2002 | D:2      | Reached XP level 4. HP: 24/24 MP: 6/9
  2518 | D:3      | Reached skill level 5 in Air Magic
  2518 | D:3      | Gained mutation: Your magical nature lets you fly swiftly
                  | and evasively. [Tengu growth]
  2518 | D:3      | Reached XP level 5. HP: 12/28 MP: 4/10
  2753 | D:3      | Learned a level 3 spell: Swiftness
  3013 | D:3      | Learned a level 4 spell: Airstrike
  3181 | D:3      | Found a faded altar of an unknown god.
  3604 | D:4      | Noticed a phantom
  3621 | D:4      | Killed a phantom
  3622 | D:4      | Reached skill level 6 in Air Magic
  3622 | D:4      | Reached XP level 6. HP: 19/32 MP: 0/12
  4084 | D:4      | Found a shimmering blue altar of Sif Muna.
  4167 | D:4      | Killed from afar by themself

Illustrated notes

Levels and vault maps discovered:
D:1:      amcnicky_arrival_wind_blow, layout_basic, chequers_hall_statues_y
D:2:      layout_rooms, amcnicky_mini_rare_corridor_liquid, lemuel_old_faithful
D:3:      layout_loops_ring, chequers_ecumenical_altar_lobes
D:4:      layout_cave_pods, nicolae_vehumet_altar_sigil,
          mainiacjoe_overflow_paths, chequers_temple_overflow_statue_of_worship,
          uniq_blork_the_orc

Skill      XL: |  1  2  3  4  5 |
---------------+----------------+-----
Conjurations   | 2 3 4 |  4.9
Spellcasting   | 3 |  3.8
Air Magic      | 5 6 |  6.3
Dodging        | |  2.1
Stealth        | |  2.0

Action                   |  1- 3 |  4- 6 || total
-------------------------+-------+-------++-------
Melee: Unarmed           |    13 |     9 ||    22
       Kick              |     8 |     3 ||    11
       Peck              |     1 |     3 ||     4
 Cast: Shock             |    59 |    21 ||    80
       Static Discharge  |    19 |    36 ||    55
  Use: Scroll            |       |     4 ||     4
Armor: Robe              |    15 |     8 ||    23
Dodge: Dodged            |    39 |    25 ||    64
